 Dungeon Crawl Stone Soup version 0.22-a0-379-ga9d99d6 (webtiles) character file.

7288 Monsterracer the Cleaver (level 10, -14/85 (86) HPs)
             Began as a Demigod Wanderer on Apr 28, 2018.
             Splashed by Maurice's acid (15 damage)
             ... on level 9 of the Dungeon.
             The game lasted 00:11:45 (12364 turns).

Monsterracer the Cleaver (Demigod Wanderer)        Turns: 12364, Time: 00:11:46

HP:   -14/85 (86)   AC:  6    Str: 16    XL:     10   Next: 59%
MP:   13/13         EV: 15    Int: 22    God:
Gold: 506           SH:  0    Dex: 14    Spells: 3/9 levels left

rFire    . . .     SeeInvis .   a - +1 war axe (venom)
rCold    . . .     Gourm    .   (no shield)
rNeg     . . .     Faith    .   e - +3 ring mail {MR+}
rPois    .         Spirit   .   (no helmet)
rElec    .         Reflect  .   r - +0 cloak
rCorr    .         Harm     .   t - +0 pair of gloves
MR       +++..                  j - +0 pair of boots
Stlth    +.........             (no amulet)
HPRegen  0.24/turn              z - +1 ring of protection
MPRegen  0.13/turn              i - ring of protection from magic {!d}

@: about to teleport, corroded
A: high mp 1
a: no special abilities


You were on level 9 of the Dungeon.
You were hungry.

You visited 1 branch of the dungeon, and saw 9 of its levels.
You also visited: Sewer.

You collected 506 gold pieces.

Inventory:

Hand Weapons
 a - a +1 war axe of venom (weapon)
 b - a +2 flail of holy wrath
Armour
 e - a +3 ring mail of magic resistance (worn)
 j - a +0 pair of boots (worn)
 r - a +0 cloak (worn)
 t - a +0 pair of gloves (worn)
Magical Staves
 w - an uncursed staff of energy {!a}
Jewellery
 d - an uncursed ring of resist corrosion
 i - a ring of protection from magic (right hand) {!d}
 n - an uncursed ring of positive energy
 q - an uncursed ring of see invisible
 z - a +1 ring of protection (left hand)
Wands
 x - a wand of flame (32)
 y - a wand of digging (4)
Scrolls
 f - 4 scrolls of teleportation
 s - a scroll of enchant weapon
 C - 2 scrolls of fog
 E - a scroll of amnesia
Potions
 g - 6 potions of curing
 h - 4 potions of flight
 k - 4 potions of agility
 l - 2 potions of might
 m - a potion of heal wounds {unknown}
 o - 2 potions of cancellation
 p - a potion of berserk rage {!q}
 u - a potion of invisibility {unknown}
 v - 2 potions of lignification
 A - 2 potions of resistance
 B - 2 potions of haste
 D - a potion of mutation {unknown}
Comestibles
 c - 21 rations


   Skills:
 + Level 7.3 Fighting
 * Level 9.4(9.7) Axes
   Level 3.2(6.8) Polearms
 + Level 7.0 Armour
 + Level 7.0 Dodging
 - Level 1.0 Stealth
 - Level 1.0 Evocations


You had 3 spell levels left.
You knew the following spells:

 Your Spells              Type           Power        Failure   Level  Hunger
a - Conjure Flame         Conj/Fire      #.......     65%         3    ####...
c - Mephitic Cloud        Conj/Pois/Air  #.......     65%         3    ####...


Dungeon Overview and Level Annotations

Branches:
Dungeon (9/15)             Temple (0/1) D:4            Lair (0/6) D:9
    Orc: D:9-12

Shops:
D:4 (   D:7 (

Annotations:
D:6 Feta's ghost, novice BaFi
D:9 Maurice


Innate Abilities, Weirdness & Mutations

You have an increased reservoir of magic. (+10% MP)


Message History

No target in view!
No target in view!
No target in view!
No target in view!
No target in view!
No target in view!
Found a stone staircase leading down.
There is a stone staircase leading down here.
An ogre comes into view. It is wielding a giant club.
The ogre shouts!
Found a stone staircase leading up.
An ogre is nearby!
You barely miss the ogre. The ogre closely misses you.
You completely miss the ogre. The ogre hits you with a giant club.
You hit the ogre.
The ogre is poisoned.
The ogre is lightly wounded.
The ogre closely misses you.
You slash the ogre!
The ogre looks as sick as possible!
The ogre is severely wounded.
You take 5 damage, and have 80/85 hp.
You slash the ogre!
You kill the ogre!
No target in view!
No target in view!
No target in view!
No target in view!
You see here a giant club.
You see here a giant club.
Found a stone staircase leading up.
Health restored: 85 No target in view!
No target in view!
No target in view!
No target in view!
No target in view!
You are feeling hungry.
You see here a ring mail.
You see here a pair of gloves.
A basilisk comes into view.
A basilisk is nearby!
You slash the basilisk!
The basilisk is poisoned.
The basilisk is heavily wounded.
The basilisk gazes at you. You resist with almost no effort.
You closely miss the basilisk.
The basilisk is heavily wounded.
The basilisk barely misses you.
A basilisk is nearby!
You barely miss the basilisk.
The basilisk is heavily wounded.
The basilisk closely misses you.
You miss the basilisk.
The basilisk is heavily wounded.
The basilisk barely misses you.
A basilisk is nearby!
You closely miss the basilisk.
The basilisk is heavily wounded.
The basilisk gazes at you. You resist with almost no effort.
A basilisk is nearby!
You hit the basilisk.
The basilisk is severely wounded.
The basilisk misses you.
A basilisk is nearby!
You slash the basilisk!
The basilisk looks even sicker.
The basilisk is almost dead.
The basilisk completely misses you.
A basilisk is nearby!
A basilisk is nearby!
You hit the basilisk.
You kill the basilisk!
No target in view!
Found a stone staircase leading down.
Maurice the Thief comes into view.
He is wielding a dagger of speed.
Maurice shouts!
Maurice is nearby!
Maurice zaps a wand.
The bolt of acid hits you!
You are splashed with acid!
The acid burns!
It is a wand of acid (9).
A worker ant comes into view.
You take 19 damage, and have 66/85 hp.
MASSIVE DAMAGE!!
The worker ant twitches its antennae in your direction.
Maurice zaps a wand.
The bolt of acid hits you! The acid corrodes you!
You are splashed with acid!
The acid burns!
* * * LOW HITPOINT WARNING * * *
You take 33 damage, and have 33/85 hp.
MASSIVE DAMAGE!!
The worker ant misses you.
Evoke which item? (* to show all) (? for menu, Esc to quit)
Okay, then.
As you read the scroll of teleportation, it crumbles to dust.
You feel strangely unstable.
Maurice zaps a wand.
The bolt of acid hits you!
* * * LOW HITPOINT WARNING * * *
The acid corrodes you!
You are splashed with acid!
The acid burns!
* * * LOW HITPOINT WARNING * * *
You take 17 damage, and have 17/85 hp.
Maurice zaps a wand.
The bolt of acid hits you!
* * * LOW HITPOINT WARNING * * *
You are splashed with acid!
The acid burns!
You die...

#.[ #.# #.# ## #######.#
.# ........# .# #######.#
.# # # #.########## ##.#.#
# ##..........####....####
#
##...####...@.@a..........
####.....#
#.##.####....####..##
#........# #.##.# ####>#
.... #.##.....###.##.# ..
.... #.###........##.# ##
.... #.# #..########.# ###
#.# #..# #.# #.# #..# #.#
#.###..########.#


You could see Maurice and a worker ant.

Vanquished Creatures
  A two-headed ogre (D:8)
  Joseph (D:7)
  A troll (D:9)
  2 hippogriffs
  7 yaks
  2 hogs (D:8)
  A human (D:8)
  2 basilisks (D:9)
  Edmund (D:4)
  5 porcupines (D:9)
  Duvessa (D:4)
  3 orc warriors
  An ice beast (D:8)
  A black bear (D:7)
  3 sky beasts
  A phantom (D:8)
  A necrophage (D:7)
  3 ogres
  2 centaurs (D:5)
  A crocodile (D:9)
  A big kobold (Sewer)
  4 bullfrogs
  A wyvern zombie (D:7)
  3 scorpions
  Dowan (D:4)
  3 killer bees (D:8)
  2 electric eels (D:8)
  3 crimson imps
  3 orc priests
  3 hounds
  8 orc wizards
  3 bullfrog skeletons
  Jessica (D:2)
  An iguana (D:8)
  Crazy Yiuf (D:3)
  Terence (D:3)
  5 worker ants
  2 killer bee zombies
  A worker ant zombie (D:5)
  2 howler monkey skeletons (D:8)
  4 gnolls (D:3)
  2 river rats (Sewer)
  12 adders
  A shadow imp (D:5)
  2 adder skeletons (D:4)
  2 worms
  A dart slug (D:1)
  4 leopard geckos
  34 orcs
  3 ball pythons
  7 bats
  6 giant cockroaches
  6 goblins
  7 hobgoblins
  5 jackals
  14 kobolds
  4 quokkas
  5 frilled lizards
  8 rats
  A fungus (D:3)
217 creatures vanquished.

Vanquished Creatures (others)
  A fungus (D:9)
  3 plants (D:9)
4 creatures vanquished.

Grand Total: 221 creatures vanquished

Notes
Turn   | Place    | Note
-------+----------+-------------------------------------------
     0 | D:1      | Monsterracer the Demigod Wanderer began the quest for the Orb.
     0 | D:1      | Monsterracer set off with: a +2 spear, 2 potions of lignification, a ration, a +0 robe
     0 | D:1      | Reached XP level 1. HP: 18/18 MP: 3/3
   247 | D:1      | Reached XP level 2. HP: 25/25 MP: 5/5
  1034 | D:1      | Reached XP level 3. HP: 30/30 MP: 6/6
  1303 | D:2      | HP: 15/30 [poisoned by an adder]
  1311 | D:2      | HP: 14/30 [poisoned by an adder]
  1319 | D:2      | HP: 13/30 [poisoned by an adder]
  1633 | D:2      | You fall through a shaft!
  1640 | D:3      | Noticed Terence
  1652 | D:3      | Killed Terence
  1652 | D:3      | Reached XP level 4. HP: 32/37 MP: 7/7
  1798 | D:3      | Reached skill level 1 in Axes
  1824 | D:3      | Found a glowing drain.
  1852 | Sewer    | Entered a sewer
  1909 | Sewer    | Noticed a big kobold
  1916 | Sewer    | Reached XP level 5. HP: 42/45 MP: 8/8
  1923 | Sewer    | Reached skill level 2 in Axes
  1980 | Sewer    | Found a glowing silver altar of Zin.
  2256 | D:3      | Reached XP level 6. HP: 50/51 MP: 9/9
  2433 | D:2      | Noticed Jessica
  2440 | D:2      | Killed Jessica
  2932 | D:3      | Found a snail-covered altar of Cheibriados.
  3035 | D:3      | Reached skill level 3 in Axes
  3387 | D:3      | Found a runed door.
  3391 | D:3      | Noticed Crazy Yiuf
  3395 | D:3      | HP: 25/51 [Crazy Yiuf/quarterstaff of chaos (7)]
  3396 | D:3      | Killed Crazy Yiuf
  3400 | D:3      | HP: 18/52 [poisoned by Crazy Yiuf]
  3405 | D:3      | HP: 13/52 [poisoned by Crazy Yiuf]
  3410 | D:3      | HP: 10/52 [poisoned by Crazy Yiuf]
  3415 | D:3      | HP: 7/52 [poisoned by Crazy Yiuf]
  3420 | D:3      | HP: 6/52 [poisoned by Crazy Yiuf]
  3427 | D:3      | HP: 6/52 [poisoned by Crazy Yiuf]
  3435 | D:3      | HP: 5/52 [poisoned by Crazy Yiuf]
  4154 | D:4      | Found Fampuh's Antique Weapon Boutique.
  4156 | D:4      | Noticed Edmund
  4167 | D:4      | Killed Edmund
  4167 | D:4      | Reached XP level 7. HP: 41/59 MP: 10/10
  4168 | D:4      | Reached skill level 4 in Axes
  4488 | D:4      | Noticed Duvessa
  4489 | D:4      | Noticed Dowan
  4548 | D:4      | Got an iridescent falchion
  4734 | D:4      | Found a staircase to the Ecumenical Temple.
  4870 | D:4      | Found a shattered altar of Ashenzari.
  4934 | D:4      | Killed Dowan
  4937 | D:4      | HP: 29/59 [Duvessa/short sword (3)]
  4939 | D:4      | Killed Duvessa
  5161 | D:5      | Entered Level 5 of the Dungeon
  5334 | D:5      | HP: 26/60 [centaur/uncursed hand axe (9)]
  5578 | D:5      | Reached skill level 5 in Axes
  5578 | D:5      | Reached XP level 8. HP: 67/67 MP: 11/11
  5613 | D:5      | HP: 26/67 [orc warrior/war axe (9)]
  6269 | D:6      | HP: 33/67 [orc warrior/halberd (5)]
  6302 | D:5      | HP: 33/67 [orc wizard/dagger (1)]
  6568 | D:6      | Reached skill level 5 in Fighting
  6646 | D:6      | Noticed Feta's ghost (novice BaFi)
  6861 | D:5      | Reached skill level 6 in Axes
  7142 | D:6      | HP: 34/68 [Feta's ghost (5)]
  7982 | D:7      | Reached skill level 5 in Armour
  7982 | D:7      | Reached skill level 5 in Dodging
  8214 | D:7      | Reached XP level 9. HP: 60/73 MP: 12/12
  8429 | D:7      | Found Nuicriot's Antique Weapon Boutique.
  8537 | D:7      | HP: 36/74 [wyvern zombie (5)]
  8543 | D:7      | HP: 28/74 [hound (2)]
  8552 | D:7      | HP: 27/74 [hound (2)]
  8553 | D:7      | Reached skill level 7 in Axes
  8770 | D:7      | Noticed Joseph
  8784 | D:7      | HP: 25/74 [Joseph/uncursed quarterstaff (14)]
  8787 | D:7      | Killed Joseph
  9440 | D:8      | HP: 32/74 [electric eel/bolt of electricity (10)]
  9923 | D:8      | Noticed a two-headed ogre
  9981 | D:8      | HP: 35/74 [two-headed ogre/giant club (10)]
  9989 | D:8      | Killed a two-headed ogre
  9998 | D:8      | HP: 38/76 [something (2)]
 10001 | D:8      | Reached skill level 8 in Axes
 10628 | D:8      | Learned a level 3 spell: Conjure Flame
 10632 | D:8      | Learned a level 3 spell: Mephitic Cloud
 10843 | D:8      | Found a blossoming altar of Fedhas.
 10987 | D:8      | Reached XP level 10. HP: 62/83 MP: 13/13
 10995 | D:8      | HP: 41/83 [yak (4)]
 11640 | D:9      | Reached skill level 9 in Axes
 11682 | D:9      | HP: 33/85 [crocodile (16)]
 11688 | D:9      | HP: 13/85 [crocodile (14)]
 11706 | D:9      | HP: 15/85 [yak (3)]
 12015 | D:9      | Found a staircase to the Lair.
 12354 | D:9      | Noticed Maurice
 12358 | D:9      | HP: 33/85 [acid (15)]
 12364 | D:9      | HP: 1/85 [Maurice/wand of acid (7) (17)]
 12364 | D:9      | Splashed by Maurice's acid

Vault maps used:
D:1:      dpeg_arrival_shelter
D:2:      serial_bayou_lagoon_a, minmay_tetromino_o4, uniq_jessica
D:3:      nicolae_overflow_crystal_walls, gup_sewer_entry_glass, minivault_19,
          uniq_terence, uniq_crazy_yiuf_cottage
D:4:      temple_green, serial_shops, nicolae_shop_statue_plus,
          nicolae_ashenzari_panopticon, uniq_duvessa, uniq_edmund
D:5:      first_ration, feat_on_display
D:7:      serial_glass, glass_columns_a, glass_columns_c, serial_shops,
          kennysheep_mini, uniq_joseph
D:8:      grunt_livestock, fedhas_altar_fruit_tree
D:9:      minmay_lair_entry_grove, orc_0_dummy, hangedman_feature_mirror,
          uniq_maurice
Sewer:    sewer_kobolds

Skill      XL: |  1  2  3  4  5  6  7  8  9 10 |
---------------+-------------------------------+-----
Polearms       | 2 3 |  3.2
Dodging        | 2 3 4 5 6 7 |  7.0
Armour         | 2 3 4 5 6 7 |  7.0
Fighting       | 3 4 5 6 7 |  7.3
Axes           | 1 2 3 5 6 8 9 |  9.4
Stealth        | |  1.0
Evocations     | |  1.0

Action                   |  1- 3 |  4- 6 |  7- 9 | 10-12 || total
-------------------------+-------+-------+-------+-------++-------
Melee: Spear             |   124 |       |       |       ||   124
       War axe           |     7 |   140 |   409 |   114 ||   670
Evoke: Wand              |       |       |     1 |       ||     1
  Use: Scroll            |       |     7 |    10 |     2 ||    19
 Stab: Sleeping          |     2 |     1 |       |       ||     3
  Eat: Chunk             |     2 |     9 |    17 |     5 ||    33
       Ration            |       |       |     1 |       ||     1
Armor: Robe              |     4 |       |       |       ||     4
       Ring mail         |    33 |    82 |   229 |    27 ||   371
Dodge: Dodged            |    60 |    92 |   269 |    89 ||   510

Table legend:
 A = Spawn XP
 B = Non-spawn XP
 C = Spawn XP percentage of total XP
 D = Spawn monster count
 E = Non-spawn monster count
 F = Spawn count percentage of total count
 G = Total turns spent on level
                    A         B        C        D         E        F      G
               +---------+---------+-------+---------+---------+-------+---------
         Total |       0 |   10412 |   0.0 |       0 |     216 |   0.0 | 12364
               +---------+---------+-------+---------+---------+-------+---------
           D:1 |       0 |      54 |   0.0 |       0 |      30 |   0.0 |  1125
           D:2 |       0 |     178 |   0.0 |       0 |      21 |   0.0 |  1166
           D:3 |       0 |     263 |   0.0 |       0 |      31 |   0.0 |  1268
           D:4 |       0 |     750 |   0.0 |       0 |      25 |   0.0 |  1366
           D:5 |       0 |     904 |   0.0 |       0 |      23 |   0.0 |  1818
           D:6 |       0 |     550 |   0.0 |       0 |      10 |   0.0 |   970
           D:7 |       0 |    1554 |   0.0 |       0 |      15 |   0.0 |  1305
           D:8 |       0 |    3216 |   0.0 |       0 |      29 |   0.0 |  2116
           D:9 |       0 |    2804 |   0.0 |       0 |      21 |   0.0 |   994
         Sewer |       0 |     139 |   0.0 |       0 |      11 |   0.0 |   236
               +---------+---------+-------+---------+---------+-------+---------

Vault maps used:
D:1:      dpeg_arrival_shelter
D:2:      serial_bayou_lagoon_a, minmay_tetromino_o4, uniq_jessica
D:3:      nicolae_overflow_crystal_walls, gup_sewer_entry_glass, minivault_19,
          uniq_terence, uniq_crazy_yiuf_cottage
D:4:      temple_green, serial_shops, nicolae_shop_statue_plus,
          nicolae_ashenzari_panopticon, uniq_duvessa, uniq_edmund
D:5:      first_ration, feat_on_display
D:7:      serial_glass, glass_columns_a, glass_columns_c, serial_shops,
          kennysheep_mini, uniq_joseph
D:8:      grunt_livestock, fedhas_altar_fruit_tree
D:9:      minmay_lair_entry_grove, orc_0_dummy, hangedman_feature_mirror,
          uniq_maurice
Sewer:    sewer_kobolds
